 Dungeon Crawl Stone Soup version 0.17.0-28-g6e173f8 (webtiles) character file.

1799 4thArraOfDagon the Destroyer (level 9, -3/53 HPs)
             Began as an Octopode Wanderer on Nov 26, 2015.
             Was a Follower of Vehumet.
             Killed from afar by a deep elf mage (21 damage)
             ... with a fireball
             ... on level 10 of the Dungeon.
             The game lasted 00:18:08 (2530 turns).

4thArraOfDagon the Destroyer (Octopode Wanderer)    Turns: 2530, Time: 00:18:08

Health: -3/53      AC:  5    Str:  8    XL:     9   Next: 9%
Magic:  14/27      EV: 13    Int: 20    God:    Vehumet [*.....]
Gold:   228        SH:  0    Dex: 11    Spells: 3 memorised, 13 levels left

rFire  . . .     SeeInvis +     w - staff of conjuration
rCold  . . .     Clarity  .     (no shield)
rNeg   . . .     SustAt   .     (helmet restricted)
rPois  +         Gourm    .     (no amulet)
rElec  .         Spirit   .     q - ring of poison resistance
rCorr  .         Warding  .     j - ring of magical power
rMut   .         Stasis   .     (no ring)
MR     .....                    (no ring)
Stlth  +++.......               (no ring)
                                (no ring)
                                (no ring)
                                (no ring)

@: not resistant to hostile enchantments, fairly stealthy
A: almost no armour, amphibious, 8 rings, constrict 8, repulsion field 1, rough
black scales 1, camouflage 1, see invisible, gelatinous body 1
a: Renounce Religion


You were on level 10 of the Dungeon.
You worshipped Vehumet.
Vehumet was aware of your devotion.
You were not hungry.

You visited 2 branches of the dungeon, and saw 11 of its levels.

You collected 228 gold pieces.

Inventory:

Hand Weapons
 a - a +2 dagger
 k - a +2 dagger of venom
 y - a +0 blowgun
Missiles
 o - a throwing net (quivered)
 p - 2 poisoned javelins
 z - 23 poisoned needles
Magical Staves
 s - an uncursed staff of death
 u - an uncursed staff of air
 w - an uncursed staff of conjuration (weapon)
Jewellery
 j - a ring of magical power (right tentacle)
 q - a ring of poison resistance (left tentacle)
Wands
 A - a wand of fireball (11)
Scrolls
 b - a scroll of blinking
 g - 2 scrolls of amnesia {unknown}
 h - 3 scrolls of recharging
 i - 3 scrolls of magic mapping
 n - a scroll of teleportation
 r - 3 scrolls of remove curse
 v - 2 scrolls of enchant weapon {unknown}
 C - a scroll of holy word {unknown}
Potions
 l - a potion of curing
 t - a potion of haste {unknown}
 B - a potion of might {unknown}
Books
 c - the Tome of Confrontation

   Spells                             Type                      Level
   a - Shock                          Conjuration/Air              1
   b - Stone Arrow                    Conjuration/Earth            3
 d - the Papyrus of Summoning

   Spells                             Type                      Level
   a - Summon Butterflies             Summoning                    1
   b - Summon Guardian Golem          Hexes/Summoning              3
 f - a book of Enchantments

   Spells                             Type                      Level
   a - Cause Fear                     Hexes                        4
   b - Silence                        Hexes/Air                    5
   c - Deflect Missiles               Charms/Air                   6
   d - Haste                          Charms                       6
   e - Discord                        Hexes                        8
Comestibles
 e - 2 bread rations
 m - 2 meat rations
 x - 2 slices of pizza


   Skills:
 - Level 1.1 Fighting
 - Level 1.3 Stealth
   Level 1.0 Shields
 + Level 6.0 Spellcasting
 * Level 9.2 Conjurations
   Level 1.0 Charms
 - Level 2.0 Summonings
   Level 1.0 Necromancy
 - Level 3.0 Air Magic


You had 13 spell levels left.
You knew the following spells:

 Your Spells              Type           Power        Failure   Level  Hunger
a - Shock                 Conj/Air       ####         1%          1    None
b - Summon Guardian Gole  Hex/Summ       ##......     21%         3    ##.....
c - Stone Arrow           Conj/Erth      #####.       6%          3    ##.....


Dungeon Overview and Level Annotations

Branches:
Dungeon (10/15)            Temple (1/1) D:6
   Lair: D:8-11         Orc: D:9-12

Altars:
Ashenzari
Cheibriados
Dithmenos
Elyvilon
Fedhas
Gozag
Kikubaaqudgha
Makhleb
Nemelex Xobeh
Okawaru
Qazlal
Ru
Trog
Vehumet
Xom
Yredelemnul
Zin

Annotations:
D:4 Edmund
D:7 Joseph
D:8 exclusion: upstairs


Innate Abilities, Weirdness & Mutations

You cannot wear most types of armour.
You are amphibious.
You can wear up to eight rings at the same time.
You can use your tentacles to constrict eight enemies at once.
Your skin changes colour to match your surroundings (Stealth).
Your rubbery body absorbs attacks (AC +1).
You are surrounded by a mild repulsion field (EV +2).
You are partially covered in rough black scales (AC +4, Dex -1).
You have supernaturally acute eyesight.


Message History

You hear a shout! x5
Casting: Stone Arrow
Confirm with . or Enter, or press ? or * to list all spells.
Aiming: Stone Arrow
Press: ? - help, Shift-Dir - straight line, f/p - deep elf mage
Aim: a deep elf mage, wielding an enchanted long sword and wearing a ring mail (moderately wounded)
You feel a surge of power!
The stone arrow hits the deep elf mage.
The deep elf mage is heavily wounded.
Unknown command.
Unknown command.
Casting: Stone Arrow
Confirm with . or Enter, or press ? or * to list all spells.
Aiming: Stone Arrow
Press: ? - help, Shift-Dir - straight line, f/p - deep elf mage
Aim: a deep elf mage, wielding an enchanted long sword and wearing a ring mail (heavily wounded)
You feel a surge of power!
The stone arrow hits the deep elf mage.
The deep elf mage is almost dead.
The deep elf mage casts a spell at you.
The fireball explodes!
The fireball engulfs you!
You die...

##.## #...# ..
#...######....
#...##...e.#
##...#.@#
##########....#..##
........##.#.#....#
.............#....#
#######...........#
####.....<..#
#....##...# #
#....#.###.## #
#.#.##.# ###


You could see a deep elf mage.

Vanquished Creatures
  Maurice (D:9)
  A water moccasin (D:7)
  A phantom (D:9)
  A necrophage (D:9)
  An ice beast (D:10)
  2 ogres (D:9)
  A centaur (D:8)
  A big kobold (D:9)
  2 giant frogs (D:7)
  4 killer bees (D:8)
  2 crimson imps
  A giant frog zombie (D:10)
  2 hounds (D:6)
  2 orc wizards
  2 orc priests
  2 giant frog skeletons
  2 worker ants
  A hound zombie (D:7)
  5 adders
  2 shadow imps
  2 adder skeletons
  5 giant geckos
  17 orcs
  A hobgoblin (D:2)
  3 quokkas
  2 bats
  A giant cockroach (D:1)
  3 giant newts
  2 goblins
  A jackal zombie (D:6)
  6 kobolds
  A quokka zombie (D:5)
  A rat (D:2)
81 creatures vanquished.

Notes
Turn   | Place    | Note
--------------------------------------------------------------
     0 | D:1      | 4thArraOfDagon the Octopode Wanderer began the quest for the Orb.
     0 | D:1      | 4thArraOfDagon set off with: a +2 dagger, a scroll of blinking, the Tome of Confrontation, the Papyrus of Summoning, a bread ration
     0 | D:1      | Reached XP level 1. HP: 11/11 MP: 4/4
     0 | D:1      | umm ok
     0 | D:1      | Identified the Tome of Confrontation
     0 | D:1      | Identified the Papyrus of Summoning
     2 | D:1      | Learned a level 1 spell: Shock
   192 | D:2      | Reached skill level 1 in Conjurations
   192 | D:2      | Reached XP level 2. HP: 12/18 MP: 3/6
   368 | D:2      | Reached skill level 1 in Fighting
   368 | D:2      | Reached XP level 3. HP: 19/23 MP: 7/7
   408 | D:4      | Learned a level 3 spell: Summon Guardian Golem
   554 | D:4      | Noticed Edmund
   620 | D:5      | Entered Level 5 of the Dungeon
   664 | D:5      | Reached XP level 4. HP: 10/28 MP: 1/8
   737 | D:5      | Gained mutation: You are surrounded by a mild repulsion field (EV +2). [potion of mutation]
   737 | D:5      | Gained mutation: You have supernaturally acute eyesight. [potion of mutation]
   737 | D:5      | Gained mutation: You are partially covered in rough black scales (AC +4, Dex -1). [potion of mutation]
   738 | D:5      | ok
   805 | D:4      | Noticed an orc warrior
   949 | D:6      | Reached XP level 5. HP: 29/33 MP: 9/9
  1016 | D:6      | Found a staircase to the Ecumenical Temple.
  1033 | Temple   | Entered the Ecumenical Temple
  1066 | Temple   | Became a worshipper of Vehumet
  1109 | D:6      | Reached skill level 4 in Conjurations
  1115 | D:6      | Learned a level 3 spell: Stone Arrow
  1160 | D:6      | Reached XP level 6. HP: 18/38 MP: 10/10
  1356 | D:7      | Reached skill level 5 in Conjurations
  1366 | D:7      | Noticed a water moccasin
  1372 | D:7      | Killed a water moccasin
  1372 | D:7      | Reached XP level 7. HP: 19/43 MP: 6/12
  1464 | D:7      | Noticed Joseph
  1521 | D:8      | Reached skill level 6 in Conjurations
  1539 | D:8      | Found a shadowy altar of Dithmenos.
  1542 | D:8      | Found a glowing silver altar of Zin.
  1662 | D:8      | Noticed a yak
  1699 | D:8      | whats this
  1699 | D:8      | its just https://www.youtube.com/watch?v=Rwi1UEPPlkI
  1860 | D:9      | Reached * piety under Vehumet
  1860 | D:9      | Offered knowledge of Sting by Vehumet.
  1950 | D:9      | Reached skill level 7 in Conjurations
  1950 | D:9      | Reached XP level 8. HP: 48/48 MP: 11/14
  2098 | D:8      | Noticed a yak
  2157 | D:8      | Reached skill level 5 in Spellcasting
  2161 | D:8      | Reached skill level 8 in Conjurations
  2223 | D:9      | Found an ancient bone altar of Kikubaaqudgha.
  2226 | D:9      | Found a bloodstained altar of Trog.
  2229 | D:9      | Found a snail-covered altar of Cheibriados.
  2271 | D:9      | Noticed a hippogriff
  2278 | D:9      | Noticed a hungry ghost
  2317 | D:9      | Noticed Maurice
  2324 | D:9      | Killed Maurice
  2354 | D:9      | Reached skill level 9 in Conjurations
  2354 | D:9      | Reached XP level 9. HP: 41/53 MP: 15/17
  2371 | D:9      | Noticed a hill giant
  2448 | D:10     | Entered Level 10 of the Dungeon
  2530 | D:10     | Killed from afar by a deep elf mage

Action                   |  1- 3 |  4- 6 |  7- 9 || total
-------------------------+-------+-------+-------++-------
Melee: Dagger            |    31 |    78 |       ||   109
       Staff             |       |     4 |    27 ||    31
Throw: Throwing net      |       |       |     3 ||     3
 Cast: Shock             |    18 |    10 |    57 ||    85
       Stone Arrow       |       |       |    20 ||    20
  Use: Scroll            |       |     3 |     5 ||     8
       Potion            |       |     2 |       ||     2
 Stab: Sleeping          |     7 |     3 |       ||    10
  Eat: Chunk             |       |     2 |     4 ||     6
       Beef jerky        |       |       |     1 ||     1
